[Event "IIFL Wealth  4th Mumbai Junior U-13"]
[Site "Mumbai"]
[Date "2018.12.31"]
[Round "2"]
[White "Tejes Suresh Kumar"]
[Black "Sneha Halder"]
[Result "1-0"]
[ECO "B30"]
[WhiteElo "1586"]
[BlackElo "1282"]
[Annotator "NA RC"]
[PlyCount "85"]
[EventDate "2018.12.30"]
[EventType "swiss"]
[EventCountry "IND"]
[SourceTitle "playchess.com"]
[Source "ChessBase"]
[SourceQuality "1"]
[TimeControl "40/5400+30:1800+30"]

1. e4 c5 2. Nf3 Nc6 3. Bb5 d6 4. O-O Bd7 5. Re1 Nf6 6. c3 a6 7. Bf1 Bg4 8. d4 cxd4 9. cxd4 Bxf3 10. gxf3 g6 11. d5 Na7 12. Nc3 Bg7 13. f4 O-O 14. a4 Nd7 15. Be3 Nc8 16. Bd4 Bxd4 17. Qxd4 Qb6 18. Qd2 Nc5 19. Ra2 Na7 20. Re3 Nb3 21. Qd1 Nc5 22. Qb1 Rac8 23. b4 Nd7 24. Rd2 Nf6 25. Bh3 Rc4 26. Rb2 Qc7 27. Qd3 b5 28. a5 Nd7 29. Qd2 Rc8 30. Rb3 Qb7 31. e5 dxe5 32. fxe5 Rd8 33. e6 Nf6 34. exf7+ Kxf7 35. Be6+ Kg7 36. Rh3 h5 37. Qg5 Rh8 38. Bf5 Rh6 39. Rg3 Nh7 40. Qxh6+ Kf6 41. Qxg6+ Ke5 42. Qe6+ Kf4 43. Ne2# 1-0

[Event "IIFL Wealth  4th Mumbai Junior U-13"]
[Site "Mumbai"]
[Date "2018.12.31"]
[Round "2"]
[White "Pingale Shivraj"]
[Black "Yash Joshi"]
[Result "1-0"]
[ECO "B70"]
[WhiteElo "1580"]
[BlackElo "1389"]
[Annotator "NA"]
[PlyCount "163"]
[EventDate "2018.12.30"]
[EventType "swiss"]
[EventCountry "IND"]
[SourceTitle "playchess.com"]
[Source "ChessBase"]
[SourceQuality "1"]
[TimeControl "40/5400+30:1800+30"]

1. e4 c5 2. Nf3 d6 3. d4 cxd4 4. Nxd4 Nf6 5. Nc3 g6 6. Bc4 Bg7 7. O-O O-O 8. f3 Nc6 9. Nde2 Rb8 10. Be3 Bd7 11. Qd2 Ne5 12. Bb3 a6 13. Rad1 b5 14. Bh6 Bxh6 15. Qxh6 a5 16. a3 a4 17. Ba2 b4 18. axb4 Qb6+ 19. Kh1 Qxb4 20. b3 a3 21. Qc1 Rfc8 22. Nb1 Bc6 23. c3 Qa5 24. Nd4 Bd7 25. c4 d5 26. exd5 Nxd5 27. Nc2 Nf6 28. Qxa3 Qxa3 29. Nbxa3 Bf5 30. Nd4 Ra8 31. Ndb5 Rxa3 32. Nxa3 Ra8 33. Bb1 Rxa3 34. Bxf5 gxf5 35. Rfe1 Nc6 36. Rb1 e6 37. Rec1 Nb4 38. Rd1 Kf8 39. Rd8+ Ke7 40. Rb8 Nc6 41. Rb7+ Ke8 42. b4 Ra7 43. Rb6 Rc7 44. c5 Nd5 45. b5 Nd8 46. Rb8 Rxc5 47. b6 Nxb6 48. R8xb6 Ke7 49. Rd1 Kf6 50. h3 Nc6 51. Rb7 Na5 52. Ra7 Nc4 53. f4 Rd5 54. Rxd5 exd5 55. Ra6+ Ke7 56. Kg1 Nd6 57. Kf2 Nb5 58. Rb6 Nc7 59. Ke3 Ne6 60. g4 Kf6 61. Rb7 fxg4 62. hxg4 d4+ 63. Kf3 h6 64. Rd7 Kg7 65. f5 Ng5+ 66. Kf4 Nh3+ 67. Ke5 Ng5 68. Kxd4 Kf6 69. Rd6+ Kg7 70. Ke3 f6 71. Kf4 Kf7 72. Ra6 Nh3+ 73. Kg3 Ng5 74. Ra7+ Ke8 75. Kh4 Nf7 76. Kh5 Ne5 77. Kxh6 Nxg4+ 78. Kg6 Kd8 79. Ra4 Ne5+ 80. Kxf6 Nd7+ 81. Kg7 Ke7 82. Ra7 1-0

[Event "IIFL Wealth  4th Mumbai Junior U-13"]
[Site "Mumbai"]
[Date "2018.12.31"]
[Round "2"]
[White "Vedant Nitin vekhande"]
[Black "Sai Mahati A"]
[Result "0-1"]
[ECO "C68"]
[WhiteElo "1564"]
[BlackElo "1267"]
[Annotator "NA RC"]
[PlyCount "164"]
[EventDate "2018.12.30"]
[EventType "swiss"]
[EventCountry "IND"]
[SourceTitle "playchess.com"]
[Source "ChessBase"]
[SourceQuality "1"]
[TimeControl "40/5400+30:1800+30"]

1. e4 e5 2. Nf3 Nc6 3. Bb5 a6 4. Bxc6 dxc6 5. d4 exd4 6. Qxd4 Qxd4 7. Nxd4 Bd7 8. Be3 Nf6 9. f3 O-O-O 10. Nd2 Bb4 11. c3 Ba5 12. Nc4 Bb6 13. Nxb6+ cxb6 14. O-O-O c5 15. Nc2 Ba4 16. Rxd8+ Rxd8 17. Rd1 Rxd1+ 18. Kxd1 Kd7 19. Kd2 Kc6 20. b3 Bb5 21. c4 Bxc4 22. bxc4 b5 23. cxb5+ axb5 24. Kc3 b4+ 25. Kb3 Nd7 26. Nxb4+ cxb4 27. Kxb4 g6 28. Bd4 Nf8 29. Be3 Nd7 30. Bd4 Nf8 31. f4 Ne6 32. Be3 Nc7 33. g4 f5 34. exf5 Nd5+ 35. Kb3 Nxe3 36. fxg6 hxg6 37. h3 Kc5 38. a4 b6 39. Ka3 Kc4 40. a5 bxa5 41. Ka4 Kd4 42. Kxa5 Ke4 43. f5 g5 44. f6 Nc4+ 45. Kb5 Ne5 46. Kc5 Nf7 47. Kc4 Ke5 48. Kd3 Kxf6 49. Ke4 Ne5 50. Ke3 Ng6 51. Ke4 Nh4 52. Kd5 Ng2 53. Ke4 Ke6 54. Kf3 Nh4+ 55. Ke4 Ng6 56. Ke3 Ke5 57. Kf3 Kd4 58. Kf2 Ke4 59. Kg3 Ke3 60. Kg2 Nh4+ 61. Kg3 Ke2 62. Kh2 Kf2 63. Kh1 Kg3 64. Kg1 Kxh3 65. Kf2 Kxg4 66. Kg1 Kg3 67. Kh1 g4 68. Kg1 Kh3 69. Kh1 g3 70. Kg1 g2 71. Kf2 Kh2 72. Ke3 g1=Q+ 73. Ke4 Qd1 74. Ke5 Qd3 75. Kf4 Qe2 76. Kg5 Qf3 77. Kxh4 Qg2 78. Kh5 Kg1 79. Kh4 Qg6 80. Kh3 Kf2 81. Kh4 Kf3 82. Kh3 Qg3# 0-1

[Event "IIFL Wealth  4th Mumbai Junior U-13"]
[Site "Mumbai"]
[Date "2018.12.31"]
[Round "2"]
[White "Bharadia Yash"]
[Black "Ghadge Harsh"]
[Result "1-0"]
[ECO "C92"]
[WhiteElo "1559"]
[BlackElo "1265"]
[Annotator "NA"]
[PlyCount "130"]
[EventDate "2018.12.30"]
[EventType "swiss"]
[EventCountry "IND"]
[SourceTitle "playchess.com"]
[Source "ChessBase"]
[SourceQuality "1"]
[TimeControl "40/5400+30:1800+30"]

1. e4 e5 2. Nf3 Nc6 3. Bb5 a6 4. Ba4 Nf6 5. O-O Be7 6. Re1 b5 7. Bb3 d6 8. c3 O-O 9. h3 Bb7 10. d4 Re8 11. Nbd2 Bf8 12. Bc2 h6 13. a3 Qd7 14. Nf1 Rad8 15. Ng3 Ne7 16. dxe5 dxe5 17. Qxd7 Nxd7 18. a4 c6 19. Be3 Ng6 20. b4 c5 21. axb5 axb5 22. Ra7 Bc6 23. bxc5 Nxc5 24. Rea1 Ra8 25. h4 Bd6 26. h5 Nf4 27. Rxa8 Rxa8 28. Rxa8+ Bxa8 29. Bxc5 Bxc5 30. Nxe5 Bd6 31. Nf3 Kf8 32. Nd4 b4 33. cxb4 Bxb4 34. Nde2 Ne6 35. Nf5 Bc5 36. Kf1 Bb7 37. Bd3 Ng5 38. f3 Ne6 39. g3 Ng5 40. Kg2 Bc6 41. Ned4 Bd7 42. Nb3 Ba7 43. Nfd4 Ke7 44. f4 Ne6 45. Nf5+ Kf8 46. Bc4 Nc5 47. Nd6 Nxb3 48. Bxb3 Be8 49. Kf3 Bc5 50. Nc4 Bb4 51. g4 Ke7 52. Ne3 Bc5 53. Nf5+ Kf8 54. Ne3 Bd7 55. Nc2 Bc6 56. Ne1 Bb5 57. g5 hxg5 58. fxg5 Bb4 59. Nc2 Bd2 60. Ne3 Be8 61. Bd5 f6 62. g6 Ba4 63. h6 Bd1+ 64. Kg2 gxh6 65. Nf5 Ke8 1-0

[Event "IIFL Wealth  4th Mumbai Junior U-13"]
[Site "Mumbai"]
[Date "2018.12.31"]
[Round "2"]
[White "Bajaj Prakhar"]
[Black "Darsh Shetty"]
[Result "1-0"]
[ECO "A46"]
[WhiteElo "1551"]
[BlackElo "1260"]
[Annotator "NA"]
[PlyCount "129"]
[EventDate "2018.12.30"]
[EventType "swiss"]
[EventCountry "IND"]
[SourceTitle "playchess.com"]
[Source "ChessBase"]
[SourceQuality "1"]
[TimeControl "40/5400+30:1800+30"]

1. d4 Nf6 2. Nf3 e6 3. Bf4 d6 4. c4 b6 5. Nc3 Bb7 6. Qc2 Nbd7 7. e4 g6 8. Bd3 Bg7 9. O-O O-O 10. d5 e5 11. Bd2 Nc5 12. b4 Nxd3 13. Qxd3 Nh5 14. Qe2 Nf4 15. Bxf4 exf4 16. Rac1 Qe7 17. Rfe1 Rae8 18. Nb5 f5 19. Nd2 a6 20. Rc2 Bc3 21. Rxc3 fxe4 22. Nxe4 Qg7 23. Qd2 Bc8 24. Ng5 Qd4 25. Qc1 Bd7 26. Nf3 Qf6 27. h3 Rxe1+ 28. Qxe1 Re8 29. Qd2 Bf5 30. Rc1 Re4 31. c5 bxc5 32. bxc5 dxc5 33. Rxc5 Qb6 34. Rc6 Qb7 35. Qc3 Re7 36. Kh2 Be4 37. Qc4 Kg7 38. Ng5 Bf5 39. Qd4+ Kg8 40. Qxf4 Bd7 41. Qc4 Kg7 42. Rxc7 Qb6 43. Ne6+ Kg8 44. Qc5 Rxe6 45. dxe6 Qxe6 46. Qc4 Qxc4 47. Rxc4 Bxb5 48. Rc7 h6 49. f4 Kh8 50. g4 Kg8 51. h4 Be2 52. Kg3 Bb5 53. f5 gxf5 54. gxf5 Bd3 55. Kf4 Kh8 56. f6 Kg8 57. Ke5 Bb1 58. a3 Bd3 59. Kd6 Kf8 60. Ke6 Kg8 61. Rc8+ Kh7 62. f7 Bf5+ 63. Kxf5 h5 64. f8=Q a5 65. Rc7# 1-0

[Event "IIFL Wealth  4th Mumbai Junior U-13"]
[Site "Mumbai"]
[Date "2018.12.31"]
[Round "2"]
[White "Rajbeer Ahmed"]
[Black "Tambe Shardul"]
[Result "1/2-1/2"]
[ECO "D12"]
[WhiteElo "1550"]
[BlackElo "1250"]
[Annotator "NA"]
[PlyCount "81"]
[EventDate "2018.12.30"]
[EventType "swiss"]
[EventCountry "IND"]
[SourceTitle "playchess.com"]
[Source "ChessBase"]
[SourceQuality "1"]
[TimeControl "40/5400+30:1800+30"]

1. d4 d5 2. Nf3 Nf6 3. e3 Bf5 4. c4 c6 5. Nc3 e6 6. Bd3 Bg4 7. O-O Bd6 8. c5 Bc7 9. b4 Nbd7 10. Be2 O-O 11. Rb1 e5 12. dxe5 Bxe5 13. Bb2 Bxc3 14. Bxc3 Ne4 15. Bb2 Qc7 16. Nd4 Bxe2 17. Qxe2 Ne5 18. f3 Nf6 19. Nf5 Rfe8 20. f4 Ned7 21. g4 g6 22. Nh6+ Kf8 23. g5 Ne4 24. Qd3 f6 25. gxf6 Ndxf6 26. Qe2 Rad8 27. Be5 Qd7 28. Rbe1 Qh3 29. Qg2 Qxh6 30. Bxf6 Nxf6 31. Qg5 Qg7 32. Kh1 Ne4 33. Qg4 Nf6 34. Qg5 Qe7 35. h3 Qe4+ 36. Kh2 Qf5 37. Re2 Kg7 38. Qg2 Ne4 39. Rg1 Nf6 40. Qf1 Re4 41. Rg5 1/2-1/2

[Event "IIFL Wealth  4th Mumbai Junior U-13"]
[Site "Mumbai"]
[Date "2018.12.31"]
[Round "2"]
[White "Nehete Arnav"]
[Black "Bulsara Yazaan"]
[Result "1-0"]
[ECO "D36"]
[WhiteElo "1544"]
[BlackElo "1244"]
[Annotator "NA"]
[PlyCount "139"]
[EventDate "2018.12.30"]
[EventType "swiss"]
[EventCountry "IND"]
[SourceTitle "playchess.com"]
[Source "ChessBase"]
[SourceQuality "1"]
[TimeControl "40/5400+30:1800+30"]

1. d4 Nf6 2. c4 e6 3. Nc3 d5 4. cxd5 exd5 5. Bg5 c6 6. Qc2 Nbd7 7. e3 Bd6 8. Bd3 h6 9. Bh4 O-O 10. Nge2 Re8 11. O-O Nb6 12. Rfe1 Bxh2+ 13. Kh1 Bd6 14. Rad1 Be7 15. Bg3 Ng4 16. e4 Bh4 17. Kg1 Bxg3 18. Nxg3 Nf6 19. e5 Nfd7 20. Nf5 c5 21. Nd6 Re7 22. dxc5 Nxc5 23. Nxd5 Nxd5 24. Qxc5 Nb6 25. Nxf7 Qc7 26. Qxc7 Rxc7 27. Nd6 Be6 28. b3 Nd5 29. Bc4 Nf4 30. Nb5 Rc5 31. Nd6 Bxc4 32. bxc4 b6 33. e6 Nh5 34. e7 Nf6 35. e8=Q+ Nxe8 36. Rxe8+ Rxe8 37. Nxe8 Rxc4 38. Rd2 Rc1+ 39. Kh2 Kf7 40. Nd6+ Ke6 41. Nb5 a6 42. Nd4+ Ke5 43. Nb3 Rc3 44. g3 a5 45. Kg2 Rc4 46. Rd7 a4 47. f4+ Ke6 48. Rxg7 axb3 49. axb3 Rc2+ 50. Kh3 Kf6 51. Rb7 Rc6 52. b4 Ke6 53. b5 Rd6 54. Rc7 Kd5 55. Kh4 Ke6 56. Kh5 Rd5+ 57. Kxh6 Rxb5 58. g4 Kd6 59. Rg7 Rc5 60. Rg6+ Kc7 61. f5 b5 62. f6 Kd8 63. Rg8+ Kd7 64. f7 Rc6+ 65. Kg7 Rc4 66. f8=Q Rxg4+ 67. Kh6 Rh4+ 68. Kg5 Rh1 69. Rg7+ Kc6 70. Qf3+ {[%emt 0:00:03] Kd5} 1-0

[Event "IIFL Wealth  4th Mumbai Junior U-13"]
[Site "Mumbai"]
[Date "2018.12.31"]
[Round "2"]
[White "Rushyendra Chowdary Kantipudi"]
[Black "Parab Ram Vishal"]
[Result "0-1"]
[ECO "C64"]
[WhiteElo "1527"]
[BlackElo "1242"]
[Annotator "NA RC"]
[PlyCount "100"]
[EventDate "2018.12.30"]
[EventType "swiss"]
[EventCountry "IND"]
[SourceTitle "playchess.com"]
[Source "ChessBase"]
[SourceQuality "1"]
[TimeControl "40/5400+30:1800+30"]

1. e4 e5 2. Nf3 Nc6 3. Bb5 Bc5 4. Bxc6 dxc6 5. d3 Nf6 6. O-O Qd6 7. Nbd2 O-O 8. Nc4 Qe7 9. Ncxe5 Be6 10. Qe2 Rad8 11. Bg5 h6 12. Bh4 g5 13. Nxg5 hxg5 14. Bxg5 Bd4 15. Nxc6 bxc6 16. c3 Be5 17. d4 Qd6 18. dxe5 Qxe5 19. f4 Qc5+ 20. Kh1 Bc4 21. Qf3 Rd3 22. Qe2 Re3 23. Qd1 Bxf1 24. Bxf6 Be2 25. Qe1 Qh5 26. e5 Qg4 27. Qf2 Re4 28. Bg5 Bd1 29. h3 Qe2 30. Qc5 Qf1+ 31. Kh2 Re1 32. Rxd1 Rxd1 33. Bh6 Qh1+ 34. Kg3 Rd3+ 35. Kh4 Qe1+ 36. Kh5 Qe2+ 37. Kh4 Re8 38. Qxc6 Re6 39. Qa8+ Kh7 40. Bg5 Qf2+ 41. Kh5 Rg3 42. Qe4+ Rg6 43. e6 f5 44. e7 fxe4 45. e8=Q R3xg5+ 46. fxg5 Qf5 47. Qe7+ Rg7 48. Qd8 Rxg5+ 49. Qxg5 Qxg5+ 50. Kxg5 e3 0-1

[Event "IIFL Wealth  4th Mumbai Junior U-13"]
[Site "Mumbai"]
[Date "2018.12.31"]
[Round "2"]
[White "Ratnapriya K"]
[Black "Gosrani, Naiya"]
[Result "1-0"]
[ECO "C88"]
[WhiteElo "1516"]
[BlackElo "1235"]
[Annotator "NA"]
[PlyCount "133"]
[EventDate "2018.12.30"]
[EventType "swiss"]
[EventCountry "IND"]
[SourceTitle "playchess.com"]
[Source "ChessBase"]
[SourceQuality "1"]
[TimeControl "40/5400+30:1800+30"]

1. e4 e5 2. Nf3 Nc6 3. Bb5 a6 4. Ba4 Nf6 5. O-O Be7 6. Re1 b5 7. Bb3 O-O 8. a4 Bb7 9. Nc3 Bc5 10. axb5 axb5 11. Rxa8 Qxa8 12. Nxb5 Bb6 13. c3 d6 14. Na3 Na5 15. Bc2 Bxe4 16. Bxe4 Nxe4 17. d4 exd4 18. cxd4 d5 19. Ne5 Qc8 20. b4 Nb7 21. f3 f6 22. Nc6 Qd7 23. b5 Ned6 24. Re7 Qc8 25. Qb3 Qf5 26. Rxc7 Kh8 27. Re7 Na5 28. Nxa5 Bxa5 29. b6 Nc8 30. g4 Qg6 31. b7 Nxe7 32. b8=Q Rxb8 33. Qxb8+ Ng8 34. Qb5 Bc3 35. Be3 f5 36. h3 fxg4 37. hxg4 Qf6 38. Qxd5 Qa6 39. Nb5 Qa1+ 40. Kg2 Qb2+ 41. Kh3 Bb4 42. Nd6 Bxd6 43. Qxd6 Qe2 44. Qf4 Qf1+ 45. Kg3 Qe1+ 46. Bf2 Qe6 47. Qe5 Qxe5+ 48. dxe5 Ne7 49. Bc5 Nd5 50. f4 Kg8 51. e6 Nc7 52. f5 Ne8 53. Kf4 g6 54. Ke5 Kg7 55. Be7 gxf5 56. gxf5 h5 57. f6+ Nxf6 58. Bxf6+ Kf8 59. Kd6 Ke8 60. Bh4 Kf8 61. Kd7 Kg7 62. e7 Kg6 63. e8=Q+ Kf5 64. Qe3 Kg4 65. Qg3+ Kf5 66. Qf3+ Ke5 67. Bf6# 1-0

[Event "IIFL Wealth  4th Mumbai Junior U-13"]
[Site "Mumbai"]
[Date "2018.12.31"]
[Round "2"]
[White "Marium Fatima"]
[Black "Keerthana B"]
[Result "1-0"]
[ECO "D02"]
[WhiteElo "1494"]
[BlackElo "1232"]
[Annotator "NA RC"]
[PlyCount "77"]
[EventDate "2018.12.30"]
[EventType "swiss"]
[EventCountry "IND"]
[SourceTitle "playchess.com"]
[Source "ChessBase"]
[SourceQuality "1"]
[TimeControl "40/5400+30:1800+30"]

1. d4 d5 2. Nf3 Nf6 3. g3 e6 4. Bg2 Nbd7 5. O-O Be7 6. b3 b6 7. Bb2 Bb7 8. Nbd2 O-O 9. c4 c5 10. Rc1 Rc8 11. Ne5 cxd4 12. Bxd4 Nxe5 13. Bxe5 Qd7 14. Bxf6 Bxf6 15. Ne4 Be7 16. Nc3 Rfd8 17. cxd5 exd5 18. Nxd5 Rxc1 19. Nxe7+ Qxe7 20. Qxc1 Bxg2 21. Kxg2 Qxe2 22. Qc7 Re8 23. Qxa7 h6 24. Qxb6 Qxa2 25. Qb7 Re2 26. Qc8+ Kh7 27. Qf5+ Kg8 28. Rc1 g6 29. Rc8+ Kg7 30. Qf3 Re6 31. Qc3+ Rf6 32. Qc5 g5 33. g4 Rf4 34. Qf8+ Kg6 35. Qg8+ Kf6 36. Qh8+ Ke7 37. Qd8+ Ke6 38. Rc6+ Ke5 39. Qd6+ 1-0

[Event "IIFL Wealth  4th Mumbai Junior U-13"]
[Site "Mumbai"]
[Date "2018.12.31"]
[Round "2"]
[White "Balkawade Sai"]
[Black "Vegi Bhavishnu Sai Sivaji"]
[Result "1-0"]
[ECO "B76"]
[WhiteElo "1482"]
[BlackElo "1225"]
[Annotator "NA RC"]
[PlyCount "119"]
[EventDate "2018.12.30"]
[EventType "swiss"]
[EventCountry "IND"]
[SourceTitle "playchess.com"]
[Source "ChessBase"]
[SourceQuality "1"]
[TimeControl "40/5400+30:1800+30"]

1. e4 c5 2. Nf3 d6 3. d4 cxd4 4. Nxd4 Nf6 5. Nc3 g6 6. Be3 Bg7 7. f3 O-O 8. Qd2 Nc6 9. O-O-O Nxd4 10. Bxd4 Be6 11. Kb1 Qc7 12. Nd5 Bxd5 13. exd5 Rac8 14. Rc1 a6 15. g4 b5 16. Bh3 Rb8 17. g5 Nd7 18. Bxd7 Qxd7 19. Bxg7 Kxg7 20. Qd4+ Kg8 21. h4 Rfc8 22. b3 Qf5 23. h5 Rc5 24. hxg6 fxg6 25. Rxh7 Qe5 26. Qxe5 dxe5 27. Rxe7 Rxd5 28. Re6 Kf7 29. Rxa6 Rc8 30. Rf6+ Kg7 31. Kb2 Rdc5 32. Rd6 Kf7 33. b4 Rc4 34. a3 Rd4 35. Rxd4 exd4 36. Rd1 Rc4 37. Rd3 Ke6 38. c3 dxc3+ 39. Rxc3 Kd5 40. Rxc4 Kxc4 41. Kc2 Kd4 42. Kd2 Kc4 43. f4 Kd4 44. f5 Ke5 45. f6 Ke6 46. Kc3 Kf7 47. a4 bxa4 48. b5 a3 49. Kb3 Ke6 50. Kxa3 Kf7 51. b6 Ke6 52. b7 Kf7 53. b8=Q Ke6 54. Qe8+ Kf5 55. f7 Kg4 56. f8=Q Kg3 57. Qe5+ Kg2 58. Qh6 Kg1 59. Qhh2+ Kf1 60. Qa1# 1-0

[Event "IIFL Wealth  4th Mumbai Junior U-13"]
[Site "Mumbai"]
[Date "2018.12.31"]
[Round "2"]
[White "Kriti Mayur Patel"]
[Black "Manish Anto Cristiano F"]
[Result "0-1"]
[ECO "C11"]
[WhiteElo "1439"]
[BlackElo "2065"]
[Annotator "NA RC"]
[PlyCount "67"]
[EventDate "2018.12.30"]
[EventType "swiss"]
[EventCountry "IND"]
[SourceTitle "playchess.com"]
[Source "ChessBase"]
[SourceQuality "1"]
[TimeControl "40/5400+30:1800+30"]

1. e4 e6 2. d4 d5 3. Nc3 Nf6 4. f4 Nfd7 5. Nf3 c5 6. Be3 Nc6 7. Be2 Be7 8. O-O O-O 9. e5 b6 10. Qd2 f5 11. Ng5 (11. Rfd1 $11) 11... Bxg5 $1 ({But not} 11... Nxd4 $2 {[#]} 12. Nxe6 $1 {[%mdl 576] Decoy} Nxe6 13. Qxd5 $18 {[%mdl 64] Double Attack}) 12. fxg5 cxd4 13. Bxd4 Ndxe5 14. Bxe5 Nxe5 15. Rae1 Nf7 16. h4 Nd6 17. Qf4 Bb7 (17... Qc7 $17 18. h5 Qc5+ 19. Kh2 Ne4 20. Nxe4 dxe4) 18. h5 Qe7 19. g6 e5 20. Qg3 h6 21. Bd1 (21. Qd3 $142) 21... Rae8 22. Ne2 Ne4 23. Qd3 (23. Qa3 $142) 23... Qg5 $19 24. Nc3 Nc5 25. Qh3 a6 26. a3 d4 27. Ne2 f4 28. Kh2 Bc8 29. Qf3 e4 30. Qf2 Qxh5+ 31. Kg1 e3 32. Qf3 Bg4 33. Qc6 f3 34. Qd6 0-1

[Event "IIFL Wealth  4th Mumbai Junior U-13"]
[Site "Mumbai"]
[Date "2018.12.31"]
[Round "2"]
[White "Dande Vyankatesh S"]
[Black "Manish, Kumar"]
[Result "0-1"]
[ECO "C56"]
[WhiteElo "1418"]
[BlackElo "2132"]
[Annotator "NA"]
[PlyCount "172"]
[EventDate "2018.12.30"]
[EventType "swiss"]
[EventCountry "IND"]
[SourceTitle "playchess.com"]
[Source "ChessBase"]
[SourceQuality "1"]
[TimeControl "40/5400+30:1800+30"]

1. e4 e5 2. Nf3 Nc6 3. Bc4 Nf6 4. d4 exd4 5. O-O Nxe4 6. Re1 d5 {[%emt 0:02:16] [#]} 7. Nxd4 {[%emt 0:13:21] C56: Two Knights: 4 d4 exd4 5 0-0 Nxe4} (7. Bxd5 $1 $11 Qxd5 {[#]} 8. Nc3 $1 {[%mdl 576] Pin} Qh5 9. Nxe4 Be6 10. Bg5 Bd6 11. Nxd6+ cxd6 12. Bf4 Qd5 13. c3 O-O 14. Nxd4 Nxd4 15. Qxd4 Qxd4 16. cxd4 d5 17. Rac1 Rfc8 18. Rxc8+ Rxc8 19. Rc1 Rxc1+ 20. Bxc1 f6 21. Bf4 a6 22. a3 Bd7 23. Bd2 Bc6 24. Bc3 Bd7 25. Bd2 Bc6 26. Bc3 Bd7 27. Bd2 {½-½ (27) Wei,Y (2743)-Wen,Y (2605) Shenzhen 2017}) 7... Bc5 {[%emt 0:09:11] [#]} ({Black should play} 7... Nxd4 $15 8. Qxd4 Be6 9. Bxd5 Qxd5 10. Qxe4 Qxe4 11. Rxe4 O-O-O) 8. Bxd5 $1 Nxd4 ({Don't play} 8... Qxd5 9. Nc3 $16) 9. Bxe4 O-O $146 ({Predecessor:} 9... Ne6 10. Qh5 Qd4 11. Qf3 O-O 12. c3 Qd6 13. Bxb7 Bxf2+ 14. Qxf2 Bxb7 {0-1 (97) Arana Oloron,R (1756)-Iraneta Unzue,I (1995) Pamplona 2015}) 10. Nc3 c6 (10... Bf5 $11 {remains equal.}) 11. Qh5 f5 12. Bg5 Qc7 (12... Qe8 $11 {remains equal.} 13. Qxe8 Rxe8) 13. Bd3 Be6 (13... b5 $16 {was worth a try.}) 14. Be3 Bf7 15. Qh3 Rad8 16. Bxf5 g6 17. Bd3 Qd7 18. Qh4 Nf5 19. Bxf5 Qxf5 20. Bxc5 Qxc5 21. Ne4 Qxc2 22. Ng5 h5 23. Nxf7 Kxf7 24. Qf4+ Kg8 25. Qh6 (25. Qg3 $11 {keeps the balance.}) 25... Qxf2+ $2 (25... Rxf2 $17 {and life is bright.} 26. Qg5 Rd5) 26. Kh1 Qf6 ({But not} 26... Qxb2 $6 27. Qxg6+ Qg7 28. Qxh5 $11) 27. h3 Qg7 28. Qe3 b6 29. Qe6+ Kh7 30. Qxc6 Rd2 31. Rf1 (31. Re6 $11 {remains equal.}) 31... Rxb2 (31... Qxb2 $17 32. Rae1 Rxf1+ 33. Rxf1 Qg7) 32. Rxf8 Qxf8 33. Qc7+ Qg7 34. Qc4 Qb7 35. Rg1 Rd2 36. a4 Qd5 37. Qc7+ Qd7 38. Qc1 ({White should try} 38. Qf4 $15) 38... Ra2 (38... Rd4 $19 39. Re1 {Black should play} Rxa4 $19 40. Qg5 Qd6) 39. Re1 (39. Rd1 $1 $15 Qb7 40. Qg5) 39... Qg7 $2 40. Qc4 Rd2 $15 41. Qb4 Rd4 42. Qa3 Rd7 43. Qb3 Qf7 44. Qb4 Kg7 45. Qb5 Rc7 46. Qe5+ Kh7 47. Qd6 Rd7 48. Qb4 Qf6 49. Qc4 Rf7 50. Qb4 Kh6 51. Qb3 Qf2 52. Qc3 Qf6 53. Qb3 Kg7 54. Qb4 Kh7 55. Qb3 Re7 56. Rd1 Qh4 57. Rf1 Qd4 58. Qa2 Kg7 59. Qb3 Qe5 60. Qc4 Kh7 61. Qb3 Qg7 62. Qc4 Rc7 63. Qb3 Qe5 64. Qa2 Kg7 65. Qb3 Qe2 66. Rd1 Rf7 67. Qc3+ Kh7 68. Re1 Rf1+ 69. Rxf1 Qxf1+ 70. Kh2 Qf4+ 71. Qg3 Qxg3+ 72. Kxg3 Kg7 73. Kf4 Kf6 74. Ke4 Ke6 75. Kf4 a6 76. Ke4 h4 77. Kf4 b5 78. axb5 axb5 79. Kg5 b4 80. Kxg6 b3 81. Kh5 b2 82. Kxh4 b1=Q 83. g3 Kf5 84. Kh5 Qd3 85. Kh4 Qd8+ 86. Kh5 Qg5# 0-1

[Event "IIFL Wealth  4th Mumbai Junior U-13"]
[Site "Mumbai"]
[Date "2018.12.31"]
[Round "2"]
[White "Amrit Raunak"]
[Black "Shah Jeet"]
[Result "0-1"]
[ECO "C50"]
[WhiteElo "1410"]
[BlackElo "1904"]
[Annotator "NA RC"]
[PlyCount "82"]
[EventDate "2018.12.30"]
[EventType "swiss"]
[EventCountry "IND"]
[SourceTitle "playchess.com"]
[Source "ChessBase"]
[SourceQuality "1"]
[TimeControl "40/5400+30:1800+30"]

1. e4 e5 2. Nf3 Nc6 3. Bc4 Bc5 4. O-O d6 5. h3 Nf6 6. d3 h6 7. Be3 Bb6 8. Nc3 O-O 9. Qd2 Bxe3 {[%emt 0:08:23] C50: Hungarian Defence and Giuoco Pianissimo} (9... Na5 10. Bb3 Nxb3 11. axb3 Bd7 12. Nh2 c6 13. Bxb6 Qxb6 14. Qe3 Qxe3 15. fxe3 a6 16. Nf3 Rfe8 17. Nh4 {½-½ (49) Pridorozhni,A (2556)-Zvjaginsev,V (2660) St Petersburg 2015}) 10. fxe3 Na5 11. Bb3 Nxb3 12. axb3 c6 13. Rf2 $146 ({Predecessor:} 13. Qf2 Qc7 14. Nh4 Be6 15. Ne2 d5 16. exd5 cxd5 17. Ng3 {1-0 (28) Atiki,A (1778)-Michel,F (1838) Benidorm 2014}) 13... b5 14. Raf1 Be6 15. d4 $2 (15. Ra1 $15) 15... b4 16. Na2 Nxe4 17. Qxb4 Nxf2 18. Rxf2 e4 19. Nd2 d5 20. Nf1 Qg5 21. Kh1 a5 22. Qc5 a4 23. bxa4 Rxa4 24. Nc3 Ra1 25. Kh2 Bd7 26. Qd6 Qd8 27. Ng3 Re8 28. Nce2 Re6 29. Qc5 Rf6 30. Rxf6 Qxf6 31. Nf4 Ra8 32. Ngh5 Qg5 33. g3 (33. b3 $142) 33... Re8 $19 34. Qd6 Rd8 35. h4 Qf5 36. Qe7 Re8 37. Qc5 Kh8 38. Qd6 Be6 39. Qxc6 Rc8 40. Qd6 Rxc2+ 41. Kg1 Qg4 0-1

[Event "IIFL Wealth  4th Mumbai Junior U-13"]
[Site "Mumbai"]
[Date "2018.12.31"]
[Round "2"]
[White "Ananya Arumbakkam"]
[Black "Jain Kashish Manoj"]
[Result "0-1"]
[ECO "B08"]
[WhiteElo "1405"]
[BlackElo "1853"]
[Annotator "NA RC"]
[PlyCount "108"]
[EventDate "2018.12.30"]
[EventType "swiss"]
[EventCountry "IND"]
[SourceTitle "playchess.com"]
[Source "ChessBase"]
[SourceQuality "1"]
[TimeControl "40/5400+30:1800+30"]

1. e4 d6 2. d4 Nf6 3. Nc3 g6 4. Nf3 Bg7 5. Bc4 O-O 6. O-O c6 7. Bb3 Bg4 8. h3 Bxf3 9. Qxf3 e5 {[%emt 0:01:47] B08: Pirc Defence: Classical System} (9... e6 10. Bg5 Nbd7 11. Rad1 Qc7 12. Qf4 a6 13. Ne2 Kh8 14. c3 Ng8 15. Qd2 Rae8 16. Be3 Ndf6 17. f3 {½-½ (56) Vallejo Pons,F (2697)-Aronian,L (2816) Sao Paulo/Bilbao 2012}) 10. dxe5 {[%emt 0:00:38] LiveBook: 4 Games} dxe5 11. Bg5 Na6 12. Rad1 Qe7 13. a3 $146 ({Predecessor:} 13. Rd2 Rad8 14. Rfd1 Rxd2 15. Rxd2 Nc5 16. Be3 {½-½ (31) Djokic,N (2324)-Sredojevic,I (2408) Valjevo 2015}) 13... Nc5 14. Ba2 Ne6 15. Be3 b6 16. Rd2 Rad8 17. Rfd1 Rxd2 (17... Nd4 $5 18. Bxd4 exd4 19. Rxd4 Nd7 $11) 18. Rxd2 c5 (18... Re8 $14) 19. Nd5 Nxd5 20. Rxd5 $14 Rd8 21. Qd1 Kf8 22. c3 Bf6 23. b4 cxb4 24. cxb4 Bg5 25. Bxg5 Qxg5 26. g3 Rxd5 27. exd5 Nd4 28. Kg2 Qf5 29. Bb1 Qd7 30. Ba2 Qf5 31. Bb1 Qd7 32. Ba2 Qc7 33. Qd3 Qc2 34. Bc4 Qxd3 35. Bxd3 Ke7 36. a4 Kd6 37. Bc4 Nc2 38. b5 Nb4 39. Kf3 Nxd5 40. g4 f5 41. gxf5 gxf5 42. h4 e4+ 43. Kg3 Ke5 44. Bxd5 Kxd5 45. Kf4 Ke6 46. Kg5 Ke5 47. Kh6 f4 48. Kxh7 e3 49. h5 exf2 50. h6 f1=Q 51. a5 Kf6 52. Kg8 Qc4+ 53. Kh8 Kg6 54. a6 Qe6 0-1